 Dungeon Crawl Stone Soup version 0.29.1-12-g30fa7ad0bf (webtiles) character file.

Game seed: 10391552832085174684

30559 warriortoast the Unseen (level 13, -1/63 HPs)
             Began as a Spriggan Hunter on Dec 12, 2022.
             Was a High Priest of Fedhas.
             Slain by a death yak (10 damage)
             ... while petrified by a basilisk
             ... on level 4 of the Lair of Beasts on Dec 14, 2022.
             The game lasted 00:39:09 (19278 turns).

warriortoast the Unseen (Spriggan Hunter)          Turns: 19278, Time: 00:39:10

Health: -1/63      AC:  7    Str:  7    XL:     13   Next: 21%
Magic:  21/21      EV:  4    Int: 11    God:    Fedhas [*****.]
Gold:   954        SH:  0    Dex: 23    Spells: 14/22 levels left

rFire   + + .      SeeInvis +   y - +3 arbalest (flame)
rCold   + . .      Faith    .   (shield currently unavailable)
rNeg    + + +      Spirit   .   l - +0 steam dragon scales
rPois   ∞          Reflect  .   Q - +1 hat {SInv}
rElec   .          Harm     .   T - +0 cloak
rCorr   .          Rampage  .   (gloves unavailable)
Will    +....                   (boots unavailable)
Stlth   ++++++++..              (no amulet)
HPRegen 0.20/turn               W - ring of Zegoocve {rPois rF++ rC+ Will- Stlth+}
MPRegen 0.17/turn               D - +4 ring of slaying

@: petrified, very quick
A: very small, no large weapons, unfitting armour, see invisible, speed 3
a: Renounce Religion, Wall of Briars, Grow Ballistomycete, Overgrow, Grow Oklob


You were on level 4 of the Lair of Beasts.
You worshipped Fedhas.
Fedhas was extremely pleased with you.
You visited 3 branches of the dungeon, and saw 17 of its levels.

You collected 999 gold pieces.
You spent 45 gold pieces at shops.

Inventory:

Hand Weapons
 a - a +0 shortbow
 y - a +3 arbalest of flaming (weapon)
Missiles
 z - a throwing net
Armour
 c - a +0 robe
 l - +0 steam dragon scales (worn)
 s - the +1 robe of the Imp {rCorr Int+4}
   (You found it on level 4 of the Dungeon)

   Int:       It affects your intelligence (+4).
   rCorr:     It protects you from acid and corrosion.
 E - +0 acid dragon scales
 Q - a +1 hat of see invisible (worn)
 T - a +0 cloak (worn)
Magical Staves
 R - a staff of conjuration
Jewellery
 p - a ring of ice
 w - a ring of protection from cold
 x - an amulet of faith
 D - a +4 ring of slaying (right hand)
 J - an amulet of magic regeneration
 K - a +6 ring of intelligence
 O - a ring of ice
 U - a +6 ring of strength
 W - the ring of Zegoocve (left hand) {rPois rF++ rC+ Will- Stlth+}
   (You found it on level 1 of the Lair of Beasts)

   [ring of poison resistance]

   rF:        It greatly protects you from fire.
   rC:        It protects you from cold.
   rPois:     It protects you from poison.
   Will:      It decreases your willpower.
   Stlth:     It makes you more stealthy.
Wands
 d - a wand of digging (7)
 h - a wand of roots (11)
 m - a wand of quicksilver (26)
 A - a wand of flame (22)
 G - a wand of charming (5)
 N - a wand of polymorph (2)
Scrolls
 b - 8 scrolls of immolation
 e - a scroll of torment
 i - 4 scrolls of enchant armour {unknown}
 r - 5 scrolls of teleportation
 H - a scroll of magic mapping
 L - a scroll of fear {unknown}
 M - 2 scrolls of blinking
 S - a scroll of noise {unknown}
 V - 2 scrolls of identify
Potions
 f - 2 potions of lignification
 g - a potion of degeneration {unknown}
 j - 2 potions of cancellation
 k - a potion of heal wounds
 n - a potion of attraction {unknown}
 o - 11 potions of curing
 q - 2 potions of magic
 t - 5 potions of haste
 u - 2 potions of might
 v - 3 potions of flight
 B - 3 potions of brilliance
 C - a potion of berserk rage
 I - 2 potions of mutation {unknown}
 P - a potion of resistance
Miscellaneous
 F - a lightning rod (4/4)


   Skills:
 - Level 5.0 Fighting
 + Level 12.1 Ranged Weapons
 + Level 14.8 Dodging
 + Level 17.2 Stealth
 - Level 5.0 Spellcasting
 - Level 5.0 Hexes
 + Level 7.1 Invocations
 - Level 5.0 Evocations


You had 14 spell levels left.
You knew the following spells:

 Your Spells              Type           Power      Damage    Failure   Level
a - Enfeeble              Hex            6%         N/A       100%        7
b - Slow                  Hex            52%        N/A       2%          1

Your spell library contained the following spells:

 Spells                   Type           Power      Damage    Failure   Level
 Confusing Touch          Hex            13%        N/A       9%          3
 Apportation              Tloc           4%         N/A       22%         1
 Freeze                   Ice            8%         1d3       22%         1
 Necrotise                Necr           8%         1d4       22%         1
 Sting                    Tmut/Pois      8%         1d3       22%         1
 Summon Small Mammal      Summ           8%         N/A       22%         1
 Poisonous Vapours        Pois/Air       4%         N/A       32%         2
 Sublimation of Blood     Necr           2%         N/A       32%         2
 Wereblood                Tmut           2%         N/A       32%         2
 Conjure Flame            Conj/Fire      2%         6-21      54%         3
 Frozen Ramparts          Ice            4%         1d1       54%         3
 Gell's Gravitas          Tloc           2%         N/A       54%         3
 Ignite Poison            Fire/Tmut/Pois 2%         N/A       54%         3
 Mephitic Cloud           Conj/Pois/Air  2%         N/A       54%         3
 Ozocubu's Armour         Ice            2%         N/A       54%         3
 Teleport Other           Tloc           2%         N/A       54%         3
 Vampiric Draining        Necr           2%         2d6       54%         3
 Anguish                  Hex/Necr       4%         N/A       58%         4
 Leda's Liquefaction      Hex/Erth       4%         N/A       58%         4
 Airstrike                Air            1%         2d(1-17)  91%         4
 Animate Armour           Summ/Erth      4%         N/A       91%         4
 Hailstorm                Conj/Ice       2%         3d3       91%         4
 Olgreb's Toxic Radiance  Pois           2%         N/A       91%         4
 Petrify                  Tmut/Erth      2%         N/A       91%         4
 Sticky Flame             Conj/Fire      2%         2d3       91%         4
 Summon Lightning Spire   Summ/Air       2%         N/A       91%         4
 Blade Hands              Tmut           1%         N/A       99%         5
 Freezing Cloud           Conj/Ice/Air   1%         6-21      99%         5
 Irradiate                Conj/Tmut      1%         3d12      99%         5
 Lee's Rapid Deconstruct  Erth           1%         3d5*      99%         5
 Lightning Bolt           Conj/Air       1%         1d12      99%         5
 Dispersal                Tloc           1%         N/A       100%        6
 Iron Shot                Conj/Erth      1%         9d1       100%        6
 Statue Form              Tmut/Erth      1%         N/A       100%        6
 Ozocubu's Refrigeration  Ice            1%         4d7       100%        7
 Summon Hydra             Summ           1%         N/A       100%        7


Dungeon Overview and Level Annotations

Branches:
Dungeon (11/15)            Temple (1/1) D:4            Lair (5/5) D:8
 Shoals (0/4) Lair:2        Snake (0/4) Lair:3
  Slime: Lair:4-5       Orc: D:9-12

Altars:
Ashenzari
Cheibriados
Dithmenos
Elyvilon
Fedhas
Gozag
Hepliaklqana
Kikubaaqudgha
Makhleb
Nemelex Xobeh
Okawaru
Qazlal
Ru
Sif Muna
Trog
Uskayaw
Vehumet
Wu Jian
Xom
Yredelemnul
Zin
The Shining One

Shops:
D:4 *   D:5 (   D:8 (


Innate Abilities, Weirdness & Mutations

You are very small and have problems with some larger weapons.
You are too small for most types of armour.
You have supernaturally acute eyesight. (SInv)
You cover ground extremely quickly. (Speed+++)


Message History

You shoot a bolt.
The bolt hits the death yak but does no damage.
The death yak is heavily wounded.
You shoot a bolt. The bolt hits the death yak!!
The bolt burns the death yak!
You kill the death yak!
Fedhas appreciates your contribution to the ecosystem.
You shoot a bolt. The bolt hits the death yak!
The bolt burns the death yak.
The death yak is lightly wounded.
You shoot a bolt. The bolt hits the death yak!
The bolt burns the death yak.
The death yak is moderately wounded.
You shoot a bolt.
The bolt hits the death yak but does no damage.
The death yak is moderately wounded.
The basilisk gazes at you.
You are slowing down.
You shoot a bolt.
The bolt hits the death yak but does no damage.
The death yak is moderately wounded.
The basilisk hisses menacingly.
The basilisk gazes at you.
You easily resist.
Your limbs are stiffening.
You shoot a bolt.
The bolt hits the death yak but does no damage.
The death yak is moderately wounded.
You have turned to stone.
The death yak gores you. The death yak gores you!
The basilisk hisses menacingly.
The death yak gores you!! x2; The basilisk bites you!
The death yak barely misses you. The death yak gores you!
The basilisk bites you! The death yak closely misses you.
The death yak gores you!
* * * LOW HITPOINT WARNING * * *
The basilisk gazes at you.
You easily resist.
The death yak gores you.
* * * LOW HITPOINT WARNING * * *
The basilisk gazes at you. The death yak gores you!!
You die...
Fedhas appreciates your contribution to the ecosystem.

............#..............# ##..
.......#.....#...........######..
....#.###..........##.#.#####.P..
....####............##### #......
...## #P...........# ####......
P..# #...........## #.###.....
##.# #............####..#......
### #.........l..##........†l.
###......@Y............Y..
##.....YY...............
#...[...............#P.
#......##.....##....##.
##.....#####...#.#.PP###
##...#.P# #.#.##...## #....#..#
###.##...# ######### ### ##


You could see 2 death yaks, a yak and a basilisk.

Vanquished Creatures
  4 hydras
  A boulder beetle (Lair:2)
  4 death yaks
  The ghost of hawla the Thaumaturge, a novice MeIE of Vehumet (Lair:1)
  A lindwurm (Lair:3)
  A cyclops (D:11)
  Joseph (D:8)
  A black mamba (Lair:3)
  A gargoyle (D:9)
  13 elephants
  3 cane toads
  2 rime drakes
  7 komodo dragons
  A troll (D:11)
  8 blink frogs (Lair:3)
  A shadow (D:9)
  2 dire elephant simulacra (Lair:3)
  2 basilisks
  2 wyverns
  29 yaks
  A fire elemental (Lair:2)
  5 vampire mosquitoes
  Grum (Lair:1)
  2 steam dragons
  7 nagas (Lair:3)
  Edmund (D:6)
  7 water moccasins
  2 acid dragons
  3 orc warriors
  2 black bears (Lair:2)
  3 ogres
  A black mamba simulacrum (Lair:3)
  2 centaurs
  2 phantoms
  3 wolves
  9 bullfrogs
  6 kobold brigands
  A necrophage (D:6)
  A gnoll sergeant (D:6)
  4 wights (D:10)
  13 killer bees
  4 electric eels
  6 howler monkeys
  A lava snake (Lair:2)
  3 komodo dragon simulacra (Lair:3)
  7 orc priests
  2 jellies (D:6)
  4 iguanas (D:5)
  Natasha (thrice) (D:2)
  9 orc wizards
  Robin (D:2)
  4 gnolls (D:6)
  7 adders
  A shadow imp (D:7)
  3 white imps
  An ufetubus (D:6)
  3 worms
  5 dart slugs
  27 orcs
  9 ball pythons
  7 endoplasms
  5 giant cockroaches
  17 goblins
  7 hobgoblins
  4 quokkas
  3 training dummies (D:5)
  4 bats
  4 frilled lizards
  34 kobolds
  9 rats
  A fire vortex (Lair:2)
356 creatures vanquished.

Vanquished Creatures (collateral kills)
  Erica (D:8)
  A wyvern (Lair:3)
  2 vampire mosquitoes (D:11)
  A water moccasin simulacrum (Lair:3)
5 creatures vanquished.

Vanquished Creatures (others)
  A bush (Lair:4)
  7 fungi
  23 plants
31 creatures vanquished.

Grand Total: 392 creatures vanquished

Notes
Turn   | Place    | Note
-------+----------+-------------------------------------------
     0 | D:1      | warriortoast the Spriggan Hunter began the quest for the
                  | Orb.
     0 | D:1      | Reached XP level 1. HP: 10/10 MP: 2/2
    69 | D:1      | Reached skill level 2 in Stealth
    74 | D:1      | Reached XP level 2. HP: 15/15 MP: 3/3
   526 | D:1      | Reached XP level 3. HP: 18/18 MP: 4/4
   545 | D:1      | Found a faded altar of an unknown god.
  1024 | D:2      | HP: 1/40 [adder (3)]
  1026 | D:2      | Reached skill level 3 in Stealth
  1321 | D:2      | Noticed Natasha
  1336 | D:2      | Killed Natasha
  1337 | D:2      | Reached XP level 4. HP: 20/23 MP: 5/5
  1368 | D:2      | Noticed Natasha
  1690 | D:2      | Killed Natasha
  1810 | D:2      | Identified the +1 leather armour "Unumny" {rN+}
  1874 | D:2      | Reached XP level 5. HP: 24/27 MP: 6/6
  1942 | D:2      | Noticed Natasha
  1946 | D:2      | Killed Natasha
  1947 | D:2      | Reached skill level 4 in Stealth
  2047 | D:2      | Noticed Robin
  2072 | D:2      | Killed Robin
  2775 | D:3      | Found a bloodstained altar of Trog.
  3081 | D:4      | You fall into a shaft and drop 1 floor!
  3081 | D:5      | Entered Level 5 of the Dungeon
  3189 | D:5      | Noticed a phantom
  3197 | D:5      | Reached skill level 5 in Ranged Weapons
  3203 | D:5      | Killed a phantom
  3204 | D:5      | Reached skill level 5 in Stealth
  3204 | D:5      | Reached XP level 6. HP: 19/32 MP: 7/7
  3373 | D:5      | Found a snail-covered altar of Cheibriados.
  3376 | D:5      | Found a radiant altar of Vehumet.
  3429 | D:5      | Found a glowing golden altar of the Shining One.
  3463 | D:5      | Reached skill level 5 in Dodging
  3827 | D:4      | Identified the +1 robe of the Imp {rCorr Int+4}
  4063 | D:4      | Found Rudemodi's Fire Supplies.
  4111 | D:4      | Found a staircase to the Ecumenical Temple.
  4133 | Temple   | Entered the Ecumenical Temple
  4443 | Temple   | Became a worshipper of Fedhas Madash
  4716 | D:4      | Reached skill level 6 in Stealth
  4716 | D:4      | Reached XP level 7. HP: 22/36 MP: 8/8
  5419 | D:5      | Found an iron altar of Okawaru.
  5467 | D:5      | Found Geukhei's Firing Range.
  5477 | D:5      | Bought a +0 arbalest for 45 gold pieces
  6674 | D:6      | Reached skill level 7 in Stealth
  6708 | D:6      | Reached * piety under Fedhas
  7078 | D:6      | Noticed Edmund
  7086 | D:6      | Killed Edmund
  7087 | D:6      | Reached XP level 8. HP: 20/41 MP: 9/9
  7693 | D:6      | Reached skill level 8 in Stealth
  8286 | D:7      | Reached skill level 9 in Stealth
  8300 | D:5      | Reached skill level 5 in Fighting
  8925 | D:7      | Reached XP level 9. HP: 47/47 MP: 10/10
  9524 | D:8      | Reached skill level 10 in Stealth
  9584 | D:8      | Reached ** piety under Fedhas
  9603 | D:8      | Found a basalt altar of Yredelemnul.
  9737 | D:8      | Noticed Erica
 10117 | D:8      | Noticed a death yak
 10120 | D:8      | Noticed a death yak
 10133 | D:8      | Noticed a death yak
 10623 | D:8      | Found Liemeopn's Weapon Emporium.
 10971 | D:7      | Killed a death yak
 10972 | D:7      | Reached skill level 10 in Dodging
 10972 | D:7      | Reached skill level 11 in Stealth
 11257 | D:7      | Killed a death yak
 11258 | D:7      | Reached skill level 12 in Stealth
 11258 | D:7      | Reached XP level 10. HP: 32/51 MP: 11/11
 11564 | D:8      | Killed a death yak
 11615 | D:8      | Killed Erica
 11843 | D:8      | Found a staircase to the Lair.
 11899 | D:8      | Reached skill level 13 in Stealth
 12088 | Lair:1   | Entered Level 1 of the Lair of Beasts
 12088 | Lair:1   | Noticed Joseph
 12089 | Lair:1   | Noticed Grum
 12334 | D:9      | Noticed a gargoyle
 12593 | D:9      | Reached *** piety under Fedhas
 12847 | D:9      | Killed a gargoyle
 12848 | D:9      | Reached skill level 1 in Invocations
 12848 | D:9      | Reached skill level 1 in Evocations
 12880 | D:9      | Found a shimmering altar of Xom.
 13027 | D:10     | Entered Level 10 of the Dungeon
 13077 | D:10     | Found a shadowy altar of Dithmenos.
 13145 | D:10     | Reached skill level 10 in Ranged Weapons
 13414 | D:10     | Found an opulent altar of Gozag.
 13631 | D:10     | Reached XP level 11. HP: 55/55 MP: 13/13
 13635 | D:10     | Reached skill level 14 in Stealth
 14229 | D:11     | Reached **** piety under Fedhas
 14332 | D:11     | Noticed a green ugly thing
 14332 | D:11     | Noticed a centaur warrior
 14337 | D:11     | Noticed an orc sorcerer
 14366 | D:11     | Noticed a boulder beetle
 14367 | D:11     | Noticed a boulder beetle
 14370 | D:11     | Noticed a deep elf pyromancer
 14691 | D:8      | Killed Joseph
 14858 | D:8      | Learned a level 7 spell: Enfeeble
 14866 | Lair:1   | Killed Grum
 15130 | Lair:1   | Found a runed translucent gate.
 15132 | Lair:1   | Found a runed translucent gate.
 15133 | Lair:1   | Found a runed translucent gate.
 15134 | Lair:1   | Noticed a 12-headed hydra
 15134 | Lair:1   | Noticed hawla's ghost (novice MeIE)
 15854 | Lair:2   | Found a staircase to the Shoals.
 15866 | Lair:2   | Reached skill level 1 in Hexes
 15873 | Lair:2   | Reached skill level 1 in Spellcasting
 15886 | Lair:2   | Reached skill level 5 in Evocations
 15953 | Lair:2   | Noticed a boulder beetle
 16185 | Lair:2   | Noticed a six-headed hydra
 16204 | Lair:2   | Killed a six-headed hydra
 16237 | Lair:2   | Learned a level 1 spell: Slow
 16287 | Lair:2   | Killed a boulder beetle
 16288 | Lair:2   | Reached skill level 15 in Stealth
 16809 | Lair:3   | Noticed an eight-headed hydra
 16820 | Lair:3   | Killed an eight-headed hydra
 16821 | Lair:3   | Reached XP level 12. HP: 60/60 MP: 16/18
 16928 | Lair:3   | Found a staircase to the Snake Pit.
 16978 | Lair:3   | Reached skill level 5 in Invocations
 17017 | Lair:3   | Found a transporter.
 17107 | Lair:3   | Reached ***** piety under Fedhas
 17491 | Lair:3   | Reached skill level 16 in Stealth
 17491 | Lair:3   | Reached skill level 5 in Spellcasting
 17514 | Lair:3   | Reached skill level 5 in Hexes
 17575 | Lair:3   | Noticed a four-headed hydra
 17589 | Lair:3   | Killed a four-headed hydra
 17599 | Lair:3   | Found a transporter.
 18003 | Lair:3   | HP: 3/60 [komodo dragon simulacrum (7)]
 18014 | Lair:3   | Identified the +0 chain mail "Ekor Hae" {rElec rF+ rC-
                  | rCorr}
 18455 | Lair:4   | Reached XP level 13. HP: 63/63 MP: 21/21
 18542 | Lair:4   | Reached skill level 17 in Stealth
 18657 | Lair:4   | You fall into a shaft and drop 1 floor!
 18657 | Lair:5   | Entered Level 5 of the Lair of Beasts
 18886 | Lair:1   | Killed hawla's ghost
 18904 | Lair:1   | Identified the ring of Zegoocve {rPois rF++ rC+ Will-
                  | Stlth+}
 19278 | Lair:4   | Slain by a death yak

Illustrated notes

Levels and vault maps discovered:
D:1:      wander_arrival_desolate, layout_loops_ring,
          shapermc_ecumenical_altar_flowoftime
D:2:      layout_basic, uniq_robin, uniq_natasha
D:3:      layout_basic, mainiacjoe_overflow_24_doors, serial_forest,
          infiniplex_forest_clump_tiny, infiniplex_forest_pool,
          infiniplex_forest_pool, infiniplex_forest_clump_cross,
          infiniplex_forest_diagonal
D:4:      layout_rooms, minmay_temple_entry_proselytizer, nicolae_shop_fire_sale
          [nicolae_sub_dead_trees]
D:5:      layout_rooms, lemuel_coloured_pillars_altar,
          mainiacjoe_overflow_brackets, mainiacjoe_overflow_divided_tiny,
          nicolae_shop_firing_range
D:6:      layout_loops_ring, kennysheep_another_room, minivault_14, uniq_edmund
D:7:      layout_cave_pools
D:8:      layout_loops_cross, marbit_many_paths, dpeg_lair_monsters,
          serial_shops, nicolae_shop_advertising_works
          [nicolae_subvault_shop_adworks], uniq_erica
D:9:      layout_rooms, general_overflow_altar, mumra_transporter_accident
D:10:     layout_loops_corners, mainiacjoe_overflow_cross_hatched,
          grunt_gozag_statues
D:11:     layout_loops_corners, onia_ninara_dug_in_and_dangerous
Temple:   oiseaux_autumnal_temple
Lair:1:   layout_cave_pods, gammafunk_ghost_hydra_chop, grunt_megastairs_1,
          uniq_grum, uniq_joseph
Lair:2:   layout_gridlike, elwin_shoals_entry_rocks,
          chequers_serial_rivers_room_b, serial_bayou_shore_b,
          infiniplex_staircase_pool_2
Lair:3:   gammafunk_cloud_chamber, layout_gridlike,
          minmay_snake_entry_guardpost_large, nicolae_lair_grove_arrangements
Lair:4:   layout_cave_shapes, dpeg_slime_entry_enclosed,
          chequers_serial_rivers_large_b, nicolae_lair_grazing_beasts
          [nicolae_sub_lair_graze_edge, nicolae_sub_lair_graze_edge,
          nicolae_sub_lair_graze_edge, nicolae_sub_lair_graze_edge]
Lair:5:   hellmonk_lair_end_abyssal_woods, layout_regular_city,
          minmay_lair_drake_nest, lemuel_fruit_fields

Skill      XL: |  1  2  3  4  5  6  7  8  9 10 11 12 13 |
---------------+----------------------------------------+-----
Stealth        | 2 3 5 6 7 9 12 13 15 16 17 | 17.2
Dodging        | 3 4 5 6 8 10 12 13 14 | 14.8
Fighting       | 2 3 4 5 |  5.0
Ranged Weapons | 5 6 7 8 10 11 12 | 12.1
Invocations    | 1 4 6 7 |  7.1
Evocations     | 2 5 |  5.0
Hexes          | 3 5 |  5.0
Spellcasting   | 3 5 |  5.0

Action                   |  1- 3 |  4- 6 |  7- 9 | 10-12 | 13-15 || total
-------------------------+-------+-------+-------+-------+-------++-------
Melee: Shortbow          |     3 |       |       |       |       ||     3
 Fire: Shortbow          |    88 |   233 |    41 |       |       ||   362
       Arbalest          |       |       |   208 |   448 |    51 ||   707
Invok: Wall of Briars    |       |       |       |     9 |     1 ||    10
Evoke: Wand              |       |       |       |     2 |       ||     2
  Use: Potion            |     2 |       |     1 |     2 |       ||     5
       Scroll            |       |       |    13 |     8 |       ||    21
Armor: Robe              |     3 |    10 |    10 |       |       ||    23
       Skin              |     3 |       |     1 |       |       ||     4
       Steam dragon scal |       |       |     5 |     5 |       ||    10
Dodge: Dodged            |    38 |    90 |   194 |   154 |    20 ||   496
